 Dungeon Crawl Stone Soup version 0.17-a0-1663-gb806841 (webtiles) character file.

207 Tiocfaidh the Sneak (level 6, -11/41 HPs)
             Began as a Halfling Assassin on Aug 16, 2015.
             Was an Initiate of Elyvilon.
             Mangled by an ogre
             ... wielding a +0 giant club
              (16 damage)
             ... on level 4 of the Dungeon.
             The game lasted 00:27:21 (2706 turns).

Tiocfaidh the Sneak (Halfling Assassin)             Turns: 2706, Time: 00:27:21

Health: -11/41     AC: 19    Str: 11    XL:     6   Next: 10%
Magic:  6/6        EV:  0    Int: 10    God:    Elyvilon [......]
Gold:   204        SH:  0    Dex: 18    Spells: 0 memorised, 5 levels left

rFire  . . .     SeeInvis .     H - +1 dagger (venom)
rCold  . . .     Clarity  .     i - +0 crystal plate armour {Hard Rock}
rNeg   . . .     SustAt   .     (shield restricted)
rPois  .         Gourm    .     B - +0 helmet
rElec  .         Spirit   .     I - +0 cloak
rCorr  .         Warding  .     s - +0 pair of gloves
rMut   .         Stasis   .     q - +0 pair of boots
MR     .....                    (no amulet)
Stlth  ..........               (no ring)
                                (no ring)

@: not resistant to hostile enchantments, extremely unstealthy
A: mutation resistance 1
a: Renounce Religion


You were on level 4 of the Dungeon.
You worshipped Elyvilon.
Elyvilon was noncommittal.
You were not hungry.

You visited 1 branch of the dungeon, and saw 4 of its levels.

You collected 204 gold pieces.

Inventory:

Hand weapons
 b - a +0 blowgun
 h - a +2 dagger of electrocution
 m - a +1 short sword of draining
 H - a +1 dagger of venom (weapon)
Missiles
 e - 8 poisoned needles
 f - 2 curare-tipped needles
Armour
 i - a +0 crystal plate armour (worn) {Hard Rock}
 q - a +0 pair of boots (worn)
 s - a +0 pair of gloves (worn)
 B - a +0 helmet (worn)
 I - a +0 cloak (worn)
Jewellery
 n - an uncursed amulet of faith {unknown}
 z - a +5 ring of protection {unknown}
Magical devices
 G - a wand of enslavement (13)
Scrolls
 c - a scroll of enchant armour {unknown}
 j - a scroll of fog
 o - 2 scrolls of identify
 p - 3 scrolls of remove curse
 u - a scroll of amnesia
 v - a scroll of magic mapping
 x - a scroll of teleportation
Potions
 k - 2 potions of curing {unknown}
 r - a potion of magic {unknown}
 t - a potion of mutation {unknown}
 A - 2 potions of degeneration {unknown}
Books
 a - a book of Burglary

   Spells                             Type                      Level
   a - Swiftness                      Charms/Air                   2
   b - Passwall                       Transmutation/Earth          3
   c - Passage of Golubria            Translocation                4
   d - Lee's Rapid Deconstruction     Earth                        5
   e - Darkness                       Hexes                        6
   f - Invisibility                   Hexes                        6
Comestibles
 d - a slice of pizza
 g - 3 bread rations
 l - a beef jerky
 C - a fruit
 D - a meat ration


   Skills:
 + Level 2.4 Fighting
 + Level 3.9 Short Blades
   Level 1.5(2.6) Slings
 + Level 3.1(3.2) Throwing
 + Level 1.5 Armour
 + Level 2.3 Dodging
 + Level 6.0 Stealth


You had 5 spell levels left.
You didn't know any spells.

Dungeon Overview and Level Annotations

Branches:
Dungeon (4/15)
 Temple: D:4-7

Altars:
Cheibriados
Dithmenos
Elyvilon

Shops:
D:4 *

Annotations:
D:4 Menkaure


Innate Abilities, Weirdness & Mutations

You are small and have problems with some larger weapons.
You are somewhat resistant to further mutation.


Message History

Your body is wracked with pain!
There is an open door here.
You hit Menkaure.
Menkaure is lightly damaged.
Menkaure hits you.
You hit Menkaure but do no damage.
Menkaure is lightly damaged.
Menkaure hits you!
* * * LOW HITPOINT WARNING * * *
Read which item? (? for menu, Esc to quit)
As you read the scroll of teleportation, it crumbles to dust.
You feel strangely unstable. Menkaure hits you but does no damage.
Menkaure calls on the powers of darkness!
Your body is wracked with pain!
* * * LOW HITPOINT WARNING * * *
Your surroundings suddenly seem different.
An ogre comes into view. It is wielding a giant club.
The ogre shouts!
The ogre hits you with a giant club!
You die...

# # .#
#+##.####.#
..........#
.......@O.#
.⌠........#
∩.........#
.⌠........#
...........
......<..###
.........+
.........#


You could see an ogre.

Vanquished Creatures
  2 orc priests (D:3)
  Jessica (D:2)
  Natasha (D:4)
  3 adders
  6 giant geckos
  2 orcs (D:3)
  A ball python (D:2)
  3 giant cockroaches
  6 goblins
  7 hobgoblins
  11 kobolds
  A quokka (D:2)
  6 bats
  5 giant newts
  3 jackals (D:3)
  7 rats
65 creatures vanquished.

Notes
Turn   | Place    | Note
--------------------------------------------------------------
     0 | D:1      | Tiocfaidh the Halfling Assassin began the quest for the Orb.
     0 | D:1      | Reached XP level 1. HP: 14/14 MP: 1/1
   242 | D:1      | Reached XP level 2. HP: 19/19 MP: 2/2
   676 | D:1      | Reached skill level 5 in Stealth
   722 | D:1      | You fall through a shaft!
   742 | D:1      | Reached XP level 3. HP: 20/24 MP: 3/3
  1397 | D:2      | Found a shadowy altar of Dithmenos.
  1415 | D:2      | Noticed Jessica
  1425 | D:2      | Killed Jessica
  1425 | D:2      | Reached XP level 4. HP: 25/29 MP: 4/4
  1807 | D:3      | Found a snail-covered altar of Cheibriados.
  1922 | D:3      | Reached XP level 5. HP: 34/34 MP: 5/5
  2125 | D:3      | Found a white marble altar of Elyvilon.
  2158 | D:3      | Reached skill level 1 in Slings
  2158 | D:3      | Reached skill level 1 in Armour
  2175 | D:3      | Became a worshipper of Elyvilon the Healer
  2575 | D:4      | Noticed Natasha
  2588 | D:4      | Killed Natasha
  2588 | D:4      | Reached skill level 6 in Stealth
  2588 | D:4      | Reached XP level 6. HP: 29/41 MP: 6/6
  2666 | D:4      | Noticed a phantom
  2690 | D:4      | Noticed Menkaure
  2706 | D:4      | Found Wiuwu's General Store.
  2706 | D:4      | Noticed an ogre
  2706 | D:4      | Mangled by an ogre

Vault maps used:
D:1:      sevenhm_arrival_forest_fort_small_6
D:2:      grunt_dithmenos_smoke_and_mirrors, uniq_jessica
D:3:      nicolae_overflow_crystal_walls, lemuel_crystal_altar, first_bread,
          minmay_statues_item
D:4:      grunt_temple_overflow_opulence, serial_shops, shop_fountains,
          uniq_natasha, uniq_menkaure

Action                   |  1- 3 |  4- 6 || total
-------------------------+-------+-------++-------
Melee: Dagger            |    11 |    79 ||    90
       Short sword       |    48 |     8 ||    56
 Fire: Hunting sling     |       |    18 ||    18
  Use: Scroll            |       |     7 ||     7
 Stab: Sleeping          |     6 |       ||     6
  Eat: Pizza             |     1 |       ||     1
       Bread ration      |       |     1 ||     1
